 Dungeon Crawl Stone Soup version 0.28.0-45-g0d030f2227 (webtiles) character file.

Game seed: 10265704395136993224

135 101zpm the Magician (level 5, -2/35 HPs)
             Began as a Djinni Ice Elementalist on Apr 13, 2022.
             Slain by a gnoll
             ... wielding a +0 club
              (6 damage)
             ... on level 3 of the Dungeon.
             The game lasted 00:08:12 (2458 turns).

101zpm the Magician (Djinni Ice Elementalist)       Turns: 2458, Time: 00:08:12

Health: -2/35      AC:  8    Str:  7    XL:     5   Next: 41%
Gold:   56         EV: 12    Int: 18    God:
                   SH:  0    Dex: 14

rFire   + + .      SeeInvis .   (no weapon)
rCold   x . .      Faith    .   (no shield)
rNeg    . . .      Spirit   .   a - +0 robe
rPois   ∞          Reflect  .   (no helmet)
rElec   .          Harm     .   (no cloak)
rCorr   .          Rampage  .   (no gloves)
Will    .....                   (boots unavailable)
Stlth   ++........              (no amulet)
HPRegen 0.11/turn               (no ring)
MPRegen 0.00/turn               (no ring)

@: ice-armoured, freezing walls, flying
A: sickness immunity, fire resistance 2, cold vulnerability 1, float, innate
caster, HP casting, extra vitality 1
a: no special abilities


You were on level 3 of the Dungeon.
You visited 1 branch of the dungeon, and saw 3 of its levels.

You collected 56 gold pieces.

Inventory:

Missiles
 h - 12 sling bullets
Armour
 a - a +0 robe (worn)
 c - a +1 hat
Jewellery
 i - a ring of ice
 k - an amulet of faith
Scrolls
 b - 3 scrolls of amnesia {unknown}
 f - 2 scrolls of identify {unknown}
 j - a scroll of enchant weapon {unknown}
 l - a scroll of vulnerability {unknown}
Potions
 d - a potion of mutation {unknown}
 e - a potion of curing {unknown}
 g - a potion of lignification {unknown}


   Skills:
 + Level 0.2 Fighting
 + Level 2.4 Dodging
 + Level 1.7 Stealth
 + Level 0.1 Unarmed Combat
 + Level 4.8 Spellcasting


You couldn't memorise any spells.
You knew the following spells:

 Your Spells              Type           Power      Damage    Failure   Level
a - Freeze                Ice            84%        1d10      1%          1
b - Frozen Ramparts       Ice            42%        1d6       5%          3
c - Ozocubu's Armour      Ice            21%        N/A       5%          3
d - Hailstorm             Conj/Ice       21%        3d6       19%         4
e - Beastly Appendage     Tmut           42%        N/A       1%          1
f - Call Imp              Summ           21%        N/A       2%          2
Your spell library was empty.

Dungeon Overview and Level Annotations

Branches:
Dungeon (3/15)

Altars:


Innate Abilities, Weirdness & Mutations

You are immune to sickness and miasma.
You are immune to poison.
Your flesh is very heat resistant. (rF++)
You are vulnerable to cold. (rC-)
You float through the air rather than walking.
You learn spells naturally, not from books.
Your magical power is your life essence.
You have superior vitality. (+4 MHP)


Message History

A gnoll comes into view. It is wielding a +0 halberd.
The gnoll shouts! x2
A gnoll comes into view. It is wielding a +0 flail.
A gnoll comes into view. It is wielding a +0 club.
A giant cockroach comes into view.
Casting: Freeze (safe; 1% risk of failure)
Confirm with . or Enter, or press ? or * to list all spells.
Casting: Frozen Ramparts (dangerous; 5% risk of failure)
Press: ? - help, Dir - look around, f - activate The walls around you are covered in ice.
The gnoll shouts!
An endoplasm comes into view.
The wall freezes the gnoll.
A rat comes into view.
The wall freezes the gnoll.
The gnoll hits you from afar with a +0 halberd.
The wall freezes the gnoll.
The wall freezes the gnoll. x2; The gnoll hits you with a +0 club.
The wall freezes the gnoll. x2
The gnoll hits you from afar with a +0 halberd.
Aiming: Freeze (safe; 1% risk of failure)
Press: ? - help, Q - select action, (/) - cycle Shift-Dir - straight line, f - gnoll
Aim: a gnoll, wielding a +0 club (moderately wounded)
You freeze the gnoll.
The gnoll is moderately wounded.
The wall freezes the gnoll. x2; The gnoll hits you with a +0 club.
The wall freezes the giant cockroach.
The wall freezes the gnoll.
The gnoll hits you with a +0 club.
* * * LOW HITPOINT WARNING * * *
The wall freezes the gnoll.
The gnoll barely misses you.
The wall freezes the gnoll.
Casting: Freeze (safe; 1% risk of failure)
Confirm with . or Enter, or press ? or * to list all spells.
A film of ice covers your body!
* * * LOW HITPOINT WARNING * * *
The wall freezes the giant cockroach.
The wall freezes the gnoll.
You kill the gnoll!
The rat twitches its whiskers.
The wall freezes the gnoll.
The gnoll hits you with a +0 club.
You die...

#.#######
### #.#
#.# #
#.#.#
#.#.#
#...#
#.##.....
#.##.###.
#@)B.#
#gg..#
.g.#J....
..#.......
##.
.##.### ##
## #


You could see 3 gnolls, an endoplasm and a giant cockroach.

Vanquished Creatures
  A hound (D:2)
  2 gnolls
  4 adders
  2 worms
  A dart slug (D:1)
  3 endoplasms
  5 giant cockroaches
  A goblin (D:2)
  3 hobgoblins (D:2)
  4 jackals (D:2)
  4 kobolds
  2 quokkas (D:1)
  5 ball pythons
  5 bats
  5 frilled lizards
  4 rats
51 creatures vanquished.

Vanquished Creatures (collateral kills)
  A hobgoblin (D:2)
1 creature vanquished.

Vanquished Creatures (others)
  A fungus (D:2)
  9 plants (D:2)
10 creatures vanquished.

Grand Total: 62 creatures vanquished

Notes
Turn   | Place    | Note
-------+----------+-------------------------------------------
     0 | D:1      | 101zpm the Djinni Ice Elementalist began the quest for the
                  | Orb.
     0 | D:1      | Reached XP level 1. HP: 15/15 MP: 0/0
    53 | D:1      | Reached XP level 2. HP: 13/21 MP: 0/0
   498 | D:1      | Reached XP level 3. HP: 18/25 MP: 0/0
   498 | D:1      | Learned a level 1 spell: Beastly Appendage
   969 | D:1      | Reached skill level 4 in Spellcasting
  1035 | D:1      | You are sucked into a shaft and drop 1 floor!
  1183 | D:2      | Reached XP level 4. HP: 12/31 MP: 0/0
  1537 | D:2      | Reached XP level 5. HP: 33/35 MP: 0/0
  1537 | D:2      | Learned a level 2 spell: Call Imp
  1991 | D:2      | Found a faded altar of an unknown god.
  2458 | D:3      | Slain by a gnoll

Illustrated notes

Levels and vault maps discovered:
D:1:      erik_arrival_triangle_large, layout_rooms, nicolae_wormholes
D:2:      layout_rooms, shapermc_ecumenical_altar_hornbeckon, item_on_display_a
D:3:      layout_loops_ring, uniq_natasha

Skill      XL: |  1  2  3 |
---------------+----------+-----
Spellcasting   | 4 |  4.8
Fighting       | |  0.2
Dodging        | |  2.4
Stealth        | |  1.7
Unarmed Combat | |  0.1

Action                   |  1- 3 |  4- 6 || total
-------------------------+-------+-------++-------
Melee: Unarmed           |    16 |     1 ||    17
       Headbutt          |     5 |       ||     5
       Punch             |     1 |       ||     1
 Cast: Freeze            |    38 |    25 ||    63
       Beastly Appendage |     1 |       ||     1
       Frozen Ramparts   |       |     6 ||     6
       Call Imp          |       |     3 ||     3
       Ozocubu's Armour  |       |     1 ||     1
Armor: Robe              |     7 |     7 ||    14
Dodge: Dodged            |    23 |    18 ||    41
